[Event "13th Asrian Memorial 2022"]
[Site "Yerevan"]
[Date "2022.06.12"]
[Round "6.7"]
[White "Shahinyan, David"]
[Black "Dilanyan, Grigor"]
[Result "1-0"]
[ECO "C44"]
[WhiteElo "2479"]
[BlackElo "2293"]
[Annotator "TA"]
[PlyCount "59"]
[EventDate "2022.06.07"]
[EventType "swiss"]
[EventCountry "ARM"]
[SourceTitle "playchess.com"]
[Source "ChessBase"]
[SourceQuality "1"]
[TimeControl "40/5400+30:1800+30"]

1. e4 e5 2. Nf3 Nf6 3. d3 Nc6 4. Be2 h6 5. c3 d6 6. Nbd2 {[%cal Bb1d2,Bd2f1,Bf1e3][%mdl 32] [#] C44: Ponziani Opening and Scotch Gambit.} g5 $146 ({Predecessor:} 6... Bg4 7. h3 Bxf3 8. Nxf3 d5 9. Qa4 a6 10. Nxe5 Bd6 11. Nxc6 Qd7 12. exd5 O-O {1-0 (72) Nagy,E (2234)-Letay,G (1994) Budapest 2016}) 7. Nf1 g4 8. N3d2 {The position is equal.} h5 9. Ne3 Bh6 10. b4 Ne7 11. Bb2 Be6 12. Qc2 c6 13. c4 a5 14. c5 Bxe3 15. fxe3 {And now bxa5 would win.} axb4 16. O-O (16. Nc4 $5 Nc8 17. cxd6 $11 (17. O-O Nd7 $11)) 16... Rh6 (16... Nd7 $1 $11) 17. Nc4 (17. cxd6 $16 Qxd6 18. Nc4 Bxc4 19. Qxc4) 17... Bxc4 18. Qxc4 d5 19. Qxb4 dxe4 $2 {[%emt 0:01:20] [#] This costs Black the game.} (19... Nd7 $16 {keeps fighting.}) 20. dxe4 $18 Qa5 21. Qc4 ({Weaker is} 21. Qxb7 Nxe4 22. Bxe5 Nxc5 $16) 21... Qa4 22. Bxe5 Qxc4 23. Bxc4 Nxe4 24. Bxf7+ {[%emt 0:07:55] A strong pair of Bishops.} Kd7 25. Rf4 Nxc5 26. Rd1+ Nd5 27. e4 Nxe4 {[%emt 0:00:06] [#]} (27... Re6 {is a better defense.} 28. Bxe6+ (28. exd5 Rxe5 29. dxc6+ Kxc6 $16) 28... Kxe6) 28. Rxe4 {[%emt 0:00:17] White is clearly winning.} Rxa2 29. Bf4 Rh7 30. Be6+ {[%emt 0:00:19] Weighted Error Value: White=0.11 (very precise) /Black=0.44} 1-0

[Event "13th Asrian Memorial 2022"]
[Site "Yerevan"]
[Date "2022.06.13"]
[Round "7.1"]
[White "Petrosyan, Manuel"]
[Black "Sargsyan, Shant"]
[Result "0-1"]
[ECO "E48"]
[WhiteElo "2638"]
[BlackElo "2641"]
[Annotator "TA"]
[PlyCount "70"]
[EventDate "2022.06.07"]
[EventType "swiss"]
[EventCountry "ARM"]
[SourceTitle "playchess.com"]
[Source "ChessBase"]
[SourceQuality "1"]
[TimeControl "40/5400+30:1800+30"]

1. d4 {[%emt 0:01:29] Besenthal,K} Nf6 2. c4 e6 3. Nc3 Bb4 4. e3 O-O 5. Bd3 d5 6. cxd5 exd5 7. Nge2 Re8 8. Bd2 {[%emt 0:00:08] E48: Nimzo-Indian: Rubinstein: 5 Bd3 d5 including 6 Ne2, but excluding 6 a3.} b6 9. O-O Bf8 10. Nf4 {[%emt 0:03:17] The position is equal.} Bb7 11. Qf3 {[%emt 0:01:41] [#]} g6 $146 ({Predecessor:} 11... a6 12. Rad1 Ra7 13. Bc2 c5 14. dxc5 bxc5 15. Qh3 g6 16. Nce2 Bc6 17. Bc3 Nbd7 {0-1 (37) Navara,D (2735)-Inarkiev,E (2686) Gjakova 2016 CBM 173 [Besenthal,K]}) 12. Rad1 Bg7 13. Rfe1 Ne4 14. Bc2 Nxd2 15. Rxd2 c6 16. e4 Na6 17. e5 Nc7 18. Qg3 c5 19. Nfxd5 Nxd5 $17 20. dxc5 Bh6 (20... bxc5 $17 {Strongly threatening ...Qa5.} 21. Bb3 c4 22. Bxc4 Qc7 23. Bxd5 Bxe5 24. Rxe5 (24. Nb5 $2 Bxg3 25. Red1 Bxh2+ 26. Kh1 Qe5 $19) 24... Rxe5) 21. Rd3 $2 {[%emt 0:14:37] [#] White does not recover from this.} (21. Rxd5 $1 $15 Bxd5 22. Rd1) 21... Bf4 $1 $19 (21... bxc5 22. Bb3 Bf4 23. Qf3 Bxe5 24. Bxd5 Bxd5 25. Nxd5 $11 (25. Rxd5 Bxh2+ 26. Kf1 Rxe1+ 27. Kxe1 Qe7+ 28. Kf1 Bc7 $11)) 22. Qf3 {[%emt 0:02:07] [#]} Nb4 $1 ({Weaker is} 22... bxc5 23. Bb3 Bxe5 24. Bxd5 Bxd5 25. Nxd5 $11 (25. Rxd5 Bxh2+ 26. Kf1 Rxe1+ 27. Kxe1 Qe7+ 28. Kf1 Bc7 $15)) ({Worse is} 22... Bxe5 23. Nxd5 bxc5 24. Bb3 $17 (24. Rxe5 $2 Rxe5 25. Ne3 Bxf3 $19)) (22... Rxe5 23. Rxe5 Bxe5 24. Bb3 $11) 23. Rxd8 Bxf3 $40 {[%emt 0:00:08][%mdl 128] Black attacks with force. Really sharp! This bishop pair is nice.} 24. Rxe8+ Rxe8 25. Ba4 (25. gxf3 {was necessary.} Nxc2 26. Re4) 25... Bc6 ({Inferior is} 25... Rxe5 26. Rxe5 Bxe5 27. gxf3 $17) 26. Nd5 (26. cxb6 $142 axb6 27. Bxc6 Nxc6 28. Nd5 Rxe5 29. Rd1) 26... Bxa4 27. Nf6+ Kf8 {[%emt 0:00:20] Black is clearly winning.} 28. Nxe8 Bxe8 29. Re4 Nd5 30. cxb6 axb6 31. g3 Bc1 32. Rd4 Ne7 33. b3 Nc6 34. Rc4 Ba3 35. f4 Nb4 {[%emt 0:00:46] Weighted Error Value: White=0.37/Black=0.08 (flawless)} 0-1

[Event "13th Asrian Memorial 2022"]
[Site "Yerevan"]
[Date "2022.06.13"]
[Round "7.2"]
[White "Ter-Sahakyan, Samvel"]
[Black "Andriasian, Zaven"]
[Result "1/2-1/2"]
[ECO "B90"]
[WhiteElo "2640"]
[BlackElo "2584"]
[Annotator "TA"]
[PlyCount "51"]
[EventDate "2022.06.07"]
[EventType "swiss"]
[EventCountry "ARM"]
[SourceTitle "playchess.com"]
[Source "ChessBase"]
[SourceQuality "1"]
[TimeControl "40/5400+30:1800+30"]

1. e4 c5 2. Nf3 d6 3. d4 cxd4 4. Nxd4 Nf6 5. Nc3 a6 6. Be3 Ng4 7. Bc1 Nf6 8. f3 e5 9. Nb3 Be7 10. Be3 O-O 11. Qd2 Be6 12. O-O-O Nbd7 13. g4 b5 14. g5 Nh5 15. Kb1 Qc7 $1 {[%emt 0:00:15][%mdl 4] 15...Qc7 is setting a new trend.} 16. Nd5 Bxd5 17. exd5 f6 {[%emt 0:03:41] [#] B90: Sicilian Najdorf: Unusual White 6th moves, 6 Be3 Ng4 and 6 Be3 e5.} (17... Nb6 $1 $11 {keeps the balance.}) 18. gxf6 (18. g6 $1 $16) 18... Bxf6 $11 19. c4 bxc4 20. Rc1 Nb6 21. Na5 Nf4 {[%emt 0:06:24] [#] Inhibits Bd3.} 22. Nxc4 $5 $146 {[%emt 0:04:26][%mdl 8] An interesting novelty.} ({Predecessor:} 22. Bxc4 Nxc4 23. Nxc4 Qd7 24. Bxf4 exf4 25. Nb6 Qf5+ 26. Qc2 Qxc2+ 27. Rxc2 Rad8 28. Re1 Bd4 29. Nc4 Rf5 30. Re4 {0-1 (45) Gross,D (2484)-Dinstuhl,V (2412) Germany 2000}) 22... Nxc4 23. Rxc4 Qd7 24. Rc6 {[%emt 0:01:34] The position is equal.} Rab8 25. Rc2 Qf5 (25... a5 $5) 26. Bxf4 {[%emt 0:04:21] Weighted Error Value: White=0.17 (very precise) /Black=0.30} 1/2-1/2

[Event "13th Asrian Memorial 2022"]
[Site "Yerevan"]
[Date "2022.06.13"]
[Round "7.3"]
[White "Petrosian, Tigran L."]
[Black "Babujian Levon"]
[Result "0-1"]
[ECO "A00"]
[WhiteElo "2553"]
[BlackElo "2430"]
[Annotator "TA"]
[PlyCount "98"]
[EventDate "2022.06.07"]
[EventType "swiss"]
[EventCountry "ARM"]
[SourceTitle "playchess.com"]
[Source "ChessBase"]
[SourceQuality "1"]
[TimeControl "40/5400+30:1800+30"]

1. Nc3 e5 2. Nf3 Nc6 3. d4 exd4 4. Nxd4 d5 5. e4 dxe4 6. Bb5 {[%emt 0:18:45] A00: Irregular Openings.} Bd7 7. Bxc6 Bxc6 8. Nxc6 {[%emt 0:02:39] The position is equal.} Qxd1+ 9. Kxd1 {[%emt 0:00:07] Hoping for Ne5.} bxc6 10. Nxe4 {[%emt 0:00:05] [#]} O-O-O+ $146 ({Predecessor:} 10... Rd8+ 11. Ke2 Bd6 12. Be3 Be5 13. c3 Nf6 14. Nxf6+ Bxf6 15. Bxa7 O-O 16. Rhe1 Rfe8+ {1-0 (52) Wallinger,N (1190)-Maklakova,D (1111) Mureck 2021}) 11. Ke2 f5 12. Ng3 g6 13. Bg5 Be7 14. Bxe7 Nxe7 15. Rhd1 Nd5 16. Kf1 Nb4 17. c3 Nd3 18. Rab1 c5 19. b3 Rd6 20. Rd2 Rhd8 21. Rbd1 {[%emt 0:01:03] [#]} (21. Ne2 $11 {remains equal.}) 21... Nxf2 $1 $17 {[%emt 0:01:11][%mdl 512] Black is more active.} 22. Rxd6 Nxd1 23. Rxd8+ Kxd8 {[%emt 0:00:03][%mdl 4096] Endgame KN-KN} 24. Ne2 Kd7 25. Ke1 Ne3 26. Kf2 Ng4+ 27. Kg3 Kd6 28. h3 Nf6 29. Kf4 h6 $1 30. c4 Ke6 31. Nc1 (31. Nc3 $17 {might work better.}) 31... g5+ $19 32. Ke3 f4+ 33. Kf3 (33. Kd3 $142) 33... Ke5 34. Nd3+ Kd4 35. Nxf4 (35. Nf2 Kc3 36. Ke2) 35... gxf4 36. Kxf4 {[%emt 0:00:04] KN-KP} h5 $2 (36... a5 37. g4 Kc3) 37. Kf5 $2 (37. Kg5 Ke5 38. Kg6) 37... Ne4 38. g4 {[%emt 0:00:12] [#]} hxg4 39. hxg4 a5 40. a3 Nd2 {[%emt 0:00:00] Black mates.} 41. Kf4 {[%emt 0:03:24] [#]} a4 $1 42. bxa4 Nxc4 {[%emt 0:00:03] KN-K3P} 43. g5 Ne5 44. Kg3 c4 45. Kf2 Kd3 46. a5 c3 47. a6 c2 48. a7 c1=Q 49. a8=Q Qe3+ {[%emt 0:00:10] Weighted Error Value: White=0.86/Black=0.20 (precise)} 0-1

[Event "13th Asrian Memorial 2022"]
[Site "Yerevan"]
[Date "2022.06.13"]
[Round "7.4"]
[White "Davtyan, Artur"]
[Black "Shahinyan, David"]
[Result "1-0"]
[ECO "A85"]
[WhiteElo "2488"]
[BlackElo "2479"]
[Annotator "TA"]
[PlyCount "123"]
[EventDate "2022.06.07"]
[EventType "swiss"]
[EventCountry "ARM"]
[SourceTitle "playchess.com"]
[Source "ChessBase"]
[SourceQuality "1"]
[TimeControl "40/5400+30:1800+30"]

1. d4 e6 2. c4 f5 3. Nc3 Nf6 4. Bf4 Bb4 5. Qc2 b6 6. Nf3 {[%emt 0:06:53] A85: Dutch Defence: 2 c4 Nf6 3 Nc3.} Bb7 7. e3 Bxc3+ 8. Qxc3 {[%emt 0:11:59] The position is equal.} Ne4 9. Qc1 {[%emt 0:00:52] [#]} d6 $146 (9... g5 $5 10. Bg3 d6 $11) ({Predecessor:} 9... O-O 10. Bd3 d6 11. O-O Nd7 12. Bxe4 Bxe4 13. Ng5 Qe8 14. Nxe4 fxe4 15. Qc2 Qg6 {0-1 (30) Galvez Alvarado,N (1116)-Escobar Villota,D (1346) Chess.com INT 2020}) 10. Nd2 Nd7 11. Nxe4 fxe4 (11... Bxe4 $11 12. f3 Bb7) 12. Be2 Qf6 13. Qc3 O-O 14. O-O-O b5 (14... Rae8 $11 {remains equal.}) 15. c5 ({Better is} 15. Qa5 $1 Nb6 16. Qxb5) 15... Bd5 16. Bxb5 c6 17. Be2 (17. Bxd6 $6 cxb5 18. Bxf8 Rxf8 $11) 17... dxc5 18. dxc5 e5 19. Bg3 Qe7 20. Bc4 (20. f3 $1 $16) 20... Nxc5 (20... Qxc5 $14 21. Kb1 Bxc4 22. Rxd7 Rad8 23. Rxd8 Rxd8) 21. Rxd5 $16 (21. Bxe5 $6 Qe6 22. Bxd5 cxd5 23. Qxc5 Rac8 $14) (21. Bxd5+ cxd5 22. Rxd5 Nd3+ 23. Kb1 (23. Rxd3 exd3 24. Qxd3 Rfd8 $15) 23... Rac8 $11) 21... cxd5 22. Bxd5+ Kh8 23. Bxa8 Rxa8 24. Kb1 Nd3 {[%emt 0:01:11] [#]} 25. Rd1 (25. f3 $1 $16) 25... Qb7 (25... h5 $11) 26. Qb3 $2 (26. Bxe5 $18 {Strongly threatening Qa5.} Nxf2 27. Rf1) 26... Qc7 $11 27. Qc3 $2 (27. Qc2 $11 Qb7 28. Qb3) 27... Qb7 $18 28. Bxe5 $40 {[%emt 0:00:28][%mdl 128] White goes for the king.} Rc8 29. Qa5 (29. Bxg7+ Kg8 30. Qf6 Qc7 $11) 29... Qf7 30. Bc3 Qxf2 31. Qxa7 Qxg2 32. a4 h6 33. Qb7 Rc4 34. Qb3 (34. a5 Kh7 $16) 34... Rc6 35. a5 {[%emt 0:00:25] Threatens to win with Qb7.} ({Resist} 35. Qb7 $6 Rc4 36. Qb5 (36. a5 Kh7 $16) 36... Rc8 $16) 35... Rg6 $2 (35... Kh7 {is tougher.} 36. Qb7 Rg6) 36. Qf7 Kh7 37. Rf1 $2 (37. Qf5 $18) 37... Rg5 38. a6 {[%emt 0:00:29] Black must now prevent a7.} Rb5 39. Ka1 {[%emt 0:00:45] Chess con chili.} Rxb2 (39... Ra5+ $1 $11 40. Kb1 Rxa6) 40. Qf5+ {[%emt 0:00:00] Black is now going downhill.} Kh8 $2 {[%emt 0:00:00][%mdl 8192] [#]} (40... Kg8 $16 41. Qf7+ Kh7) 41. Bxg7+ $1 Qxg7 42. Qf8+ Qxf8 43. Rxf8+ {[%emt 0:00:07][%mdl 4096] Endgame KRN-KR} Kg7 44. a7 Kxf8 45. a8=Q+ {[%emt 0:00:09] KQ-KRN} Kg7 46. Qxe4 Rd2 47. Qd4+ Kg6 48. Qc3 Rd1+ 49. Ka2 Kh5 50. Qa5+ Kg6 51. e4 {[%emt 0:04:58] Threatening mate with Qf5+.} Kf6 52. Qf5+ Ke7 53. Qh7+ Kd8 54. Qxh6 Kc7 55. Qg7+ Kc6 56. Qg6+ Kb7 57. Qf7+ Ka6 58. Qc4+ {[%emt 0:00:41] White mates.} Ka5 59. Qd5+ Ka6 60. Ka3 Ra1+ 61. Kb3 Rb1+ 62. Kc2 {[%emt 0:00:57] Weighted Error Value: White=0.37/Black=0.60} 1-0

[Event "13th Asrian Memorial 2022"]
[Site "Yerevan"]
[Date "2022.06.13"]
[Round "7.5"]
[White "Hayrapetyan, Hovik"]
[Black "Mahdavi, Reza"]
[Result "1-0"]
[ECO "E66"]
[WhiteElo "2484"]
[BlackElo "2303"]
[Annotator "TA"]
[PlyCount "154"]
[EventDate "2022.06.07"]
[EventType "swiss"]
[EventCountry "ARM"]
[SourceTitle "playchess.com"]
[Source "ChessBase"]
[SourceQuality "1"]
[TimeControl "40/5400+30:1800+30"]

1. d4 Nf6 2. c4 g6 3. Nc3 Bg7 4. Nf3 d6 5. g3 O-O 6. Bg2 c5 7. O-O Nc6 8. d5 Na5 9. Nd2 a6 10. Qc2 b5 11. cxb5 {[%emt 0:07:26] E66: King's Indian: Fianchetto: 6...c5 7 0-0 Nc6 8 d5.} axb5 12. Nxb5 Qb6 13. Nc3 {[%emt 0:00:01] The position is equal.} Bf5 14. e4 Bc8 15. h3 Ba6 16. Rd1 Nd7 17. Nf3 {[%emt 0:02:32] [#]} Qb4 $146 {[%emt 0:14:05][%mdl 1024] Black has compensation.} ({Predecessor:} 17... Nc4 18. Rb1 Qb4 19. Bf1 Rfb8 20. Bxc4 Qxc4 21. Bg5 Bxc3 22. bxc3 Qe2 23. Nd2 Ne5 24. Rxb8+ Rxb8 {0-1 (30) Pantsulaia,L (2614)-Ding,L (2659) Qinhuangdao 2011}) 18. Ne1 (18. h4 $11) 18... Rfb8 $15 19. Bf3 Nc4 20. Nd3 Qa5 {[%emt 0:01:47][%cal Oc4a3] White must now prevent ...Na3!} 21. a3 {[%emt 0:16:52] [#]} Nxb2 $1 22. Bxb2 Bxd3 ({Much worse is} 22... Rxb2 23. Nxb2 (23. Qxb2 Bxc3 24. Qc1 Bxa1 $17) 23... Qxc3 24. Qxc3 Bxc3 25. Ra2 $11) 23. Rxd3 {[%emt 0:01:02] Hoping for Re3.} Ne5 24. Re3 (24. Rad1 $142 Nxd3 25. Rxd3) 24... Nc4 $17 25. Ra2 Nxe3 26. fxe3 {[%emt 0:00:01] [#]} Rxb2 27. Rxb2 {[%emt 0:00:05] Threatens to win with Rb3.} (27. Qxb2 Bxc3) 27... Bxc3 28. Rb3 Be5 29. Kf2 {[%emt 0:00:01] Prevents Qe1+.} Rc8 30. Qc4 Qd2+ ({Black should try} 30... Kg7 31. Be2 Qd2) 31. Be2 (31. Qe2 $17 {was necessary.} Qc1 32. Qd1) 31... Rf8 (31... f5 $19 32. Qd3 Qa2) 32. Qd3 Qa2 33. Qb1 Qd2 34. Qd3 Qa5 35. Qa6 Qd8 36. Kg2 e6 {[%emt 0:02:44] And now ...Qg5 would win.} 37. h4 {[%emt 0:00:26] [#] Prevents Qg5.} g5 $1 38. h5 g4 ({Black should play} 38... exd5 $17 {...g4 is the strong threat.} 39. g4 dxe4) 39. dxe6 $1 $11 fxe6 40. Bxg4 Qf6 {[%emt 0:00:00] ( -> ...Qf2+)} 41. Qe2 {[%emt 0:01:53] Inhibits Qf2+.} c4 42. Rb1 c3 43. a4 ({Not} 43. Rf1 $2 Qxf1+ 44. Qxf1 Rxf1 45. Bxe6+ Kg7 $19) 43... d5 44. exd5 exd5 45. Qf3 Qxf3+ 46. Bxf3 {[%emt 0:00:02][%mdl 4096] Endgame KRB-KRB} d4 47. exd4 Bxd4 48. Rc1 Rf5 49. g4 Rc5 50. Bd1 Be3 51. Rc2 Bd2 52. Ra2 Kg7 53. Kf3 Kf6 {[%emt 0:05:49] [#] Black is on the road to losing.} (53... h6 $14) 54. Bc2 $1 $18 Ra5 55. Bxh7 Ke5 (55... Kg5 {might work better.} 56. Bf5 Re5) 56. Bc2 Kd4 57. Ra1 Kc4 58. Ke4 Kb4 $2 (58... Rg5 59. h6 Rxg4+ 60. Kf3 Rf4+ 61. Kg2 Be3) 59. Rb1+ Kc4 60. Rb6 Ra8 61. Kf5 Rf8+ (61... Be3 $142) 62. Rf6 Rh8 63. a5 Be3 64. a6 Rg8 65. Rg6 Rf8+ 66. Ke5 Bd4+ 67. Ke4 {[%emt 0:00:22] aiming for Bd3+.} Re8+ 68. Kf4 Re2 69. Rc6+ Kd5 70. a7 $1 Bxa7 71. Rxc3 Rh2 (71... Rf2+ $142 72. Kg5 Bd4) 72. Be4+ Ke6 73. Bf5+ Kd5 74. Rd3+ Bd4 75. Kg5 {[%emt 0:00:07] White mates.} Ke5 {[%emt 0:00:28] [#]} 76. Rxd4 $1 Kxd4 77. h6 Kd5 {[%emt 0:00:54] Weighted Error Value: White=0.10 (very precise) /Black=0.21 (precise)} 1-0

[Event "13th Asrian Memorial 2022"]
[Site "Yerevan"]
[Date "2022.06.13"]
[Round "7.6"]
[White "Davtyan, Arsen"]
[Black "Derbenev Andrey"]
[Result "1/2-1/2"]
[ECO "B27"]
[WhiteElo "2308"]
[BlackElo "2376"]
[Annotator "TA"]
[PlyCount "121"]
[EventDate "2022.06.07"]
[EventType "swiss"]
[EventCountry "ARM"]
[SourceTitle "playchess.com"]
[Source "ChessBase"]
[SourceQuality "1"]
[TimeControl "40/5400+30:1800+30"]

1. e4 c5 2. Nf3 g6 3. c3 Bg7 4. d4 cxd4 5. cxd4 d5 6. e5 a6 {[%emt 0:00:04] B27: Sicilian: 2 Nf3, unusual Black 2nd moves.} 7. Nc3 Nc6 8. h3 f6 9. exf6 (9. Bf4 $5 ) 9... Nxf6 10. Be2 O-O 11. O-O Nh5 12. Re1 Nf4 {[%emt 0:04:55] [#]} 13. Bxf4 $146 ({Predecessor:} 13. Bf1 Qd6 14. Be3 Bd7 15. Rc1 Kh8 16. Na4 Rad8 17. Nc5 Bc8 18. g3 b6 19. Bxf4 Rxf4 20. gxf4 bxc5 {1-0 (29) Berchtenbreiter,M (2432)-Troyke,C (2332) Germany 2019}) 13... Rxf4 14. Qc1 Rf5 15. Qd2 Qd6 16. Rac1 b5 17. Qe3 (17. a4 $11) 17... Bd7 $15 18. Bd3 {[%emt 0:01:06] [#]} Rxf3 19. Qxf3 $11 e6 20. Ne2 Nxd4 21. Qe3 Qb4 (21... Nc6 $1 $11) 22. b3 Rf8 (22... Nc6 $14) 23. Kh1 (23. a3 $16 Nxe2+ 24. Bxe2) 23... Nf5 $2 (23... Nxe2 $11 24. Rxe2 Bd4) 24. Qa7 $1 $18 Qd6 25. Qc7 $2 (25. Rc7 $18 Rd8 26. Rec1) 25... Be5 $14 26. Qxd6 Bxd6 27. Kg1 (27. Bxf5 $5 Rxf5 28. Kg1 $14) 27... e5 (27... Ne7 $14) 28. Red1 (28. Bxf5 $16 Bxf5 29. Red1) 28... Ne7 $1 29. Nc3 (29. a4 $5) 29... Be6 30. Rc2 Bb8 31. Nb1 e4 32. Bf1 Ba7 $1 33. a4 e3 (33... Nf5 $5 34. g4 Nd4 $15) 34. Rc7 exf2+ 35. Kh1 Nc8 36. axb5 axb5 37. Nc3 Bb8 38. Rb7 (38. Rc6 $11 Nd6 39. g4) 38... Nd6 $1 $17 39. Rb6 d4 $1 $36 {[%emt 0:02:41][%mdl 2048] Black has strong initiative.} ({Reject} 39... Bc7 $6 40. Rc6 Bb8 41. Nxd5 $15) 40. Rxd4 Nf5 {[%emt 0:00:00] ( -> ...Ng3+)} 41. Rd3 Bxb3 {[%emt 0:03:39] aiming for ...Bc4. A strong pair of Bishops.} 42. Rxb5 $2 (42. g4 $17 {was the crucial defense.} Ng3+ 43. Rxg3 Bxg3 44. Rxb5) 42... Bc4 $1 $19 {[%emt 0:07:11][%csl LRb5,LRd3][%mdl 64] Skewer, Double Attack} 43. Rxf5 (43. g4 $142 Bxd3 44. Bxd3) 43... Rxf5 $2 (43... gxf5 44. Rd1 Bxf1 45. Rxf1 Re8) 44. Rd1 Bxf1 45. Rxf1 $17 {[%emt 0:00:05][%mdl 4096] Endgame KRB-KRN} Re5 {[%emt 0:00:28] Prevents Ne4.} (45... h5 $142 $1 {Strongly threatening ...Bg3.} 46. g4 Rf3) 46. g4 {[%emt 0:00:24] [#]} Re3 $1 47. Nd5 {[%emt 0:00:08] [#]} Rxh3+ (47... Rd3 $1 $17 48. Nf6+ Kg7 49. Rxf2 Rxh3+ 50. Kg1 Ba7 51. Ne8+ Kh6) 48. Kg2 $15 Rh2+ 49. Kf3 Ba7 ({Black should try} 49... Kf7 $15 50. Rxf2 Rxf2+ 51. Kxf2 Ke6) 50. Kg3 $1 $11 Bb8+ ({Better is} 50... Rh6 $11 51. g5 Bb8+ 52. Kxf2 Rh2+ 53. Kf3 Be5) 51. Kf3 $15 Kg7 {[%emt 0:02:26] Against Nf6} 52. Rxf2 Rh3+ 53. Ke4 Rg3 54. Nf6 Ba7 55. Rf1 Re3+ 56. Kd5 Rd3+ 57. Ke4 Re3+ 58. Kd5 Bb8 59. Ne4 Rb3 60. Nc5 {[%emt 0:01:22] White wants to mate with Ne6+.} Rb5 {[%emt 0:02:33] Threatens to win with ...Ba7.} 61. Ke4 $2 {[%emt 0:01:20][%mdl 40960] What a fight!  Weighted Error Value: White=0.33/Black=0.27 (precise) . An unexpected result.} 1/2-1/2

[Event "13th Asrian Memorial 2022"]
[Site "Yerevan"]
[Date "2022.06.13"]
[Round "7.7"]
[White "Melkumyan, Hrant"]
[Black "Hakobyan, Erik"]
[Result "1-0"]
[ECO "A16"]
[WhiteElo "2655"]
[BlackElo "2108"]
[Annotator "TA"]
[PlyCount "53"]
[EventDate "2022.06.07"]
[EventType "swiss"]
[EventCountry "ARM"]
[SourceTitle "playchess.com"]
[Source "ChessBase"]
[SourceQuality "1"]
[TimeControl "40/5400+30:1800+30"]

1. c4 Nf6 2. Nf3 g6 3. Nc3 d5 4. cxd5 Nxd5 5. h4 Bg7 6. h5 {[%emt 0:00:53] A16: English Opening: 1...Nf6 with ...d5.} e5 {[%emt 0:10:36] [#]} 7. d3 $146 ({Predecessor:} 7. Qb3 Nb6 8. d3 Be6 9. Qd1 Nc6 10. Ne4 f6 11. Nc5 Qe7 12. Nxe6 Qxe6 13. hxg6 hxg6 14. Rxh8+ Bxh8 {0-1 (56) Dambrauskas,V (2360)-Toma,K (2238) Frydek Mistek 2006}) 7... Nc6 8. Bg5 {[%emt 0:01:34] The position is equal.} Nxc3 9. bxc3 f6 (9... Qd6 $5 ) 10. Be3 Be6 11. g3 Qd7 12. Bg2 g5 13. Nd2 Bf8 14. Rb1 Bd5 (14... Nd8 $14) 15. Bxd5 Qxd5 16. Ne4 Be7 (16... O-O-O $16 {keeps fighting.}) 17. Rxb7 $18 f5 {[%emt 0:00:59] [#] And now ...0-0-0 would win.} 18. Qa4 $1 (18. c4 Qa5+ 19. Qd2 fxe4 20. Qxa5 Nxa5 $17) 18... fxe4 19. Rxc7 exd3 20. Qxc6+ Qxc6 21. Rxc6 Kd7 22. Ra6 Rhc8 23. exd3 Rxc3 24. Ke2 ({Don't blunder} 24. Rxa7+ $2 Rxa7 25. Bxa7 Rc1+ 26. Ke2 Rxh1 $19) 24... g4 25. Rb1 ({Wrong is} 25. Bxa7 $2 Rc7 26. a4 Raxa7 27. Rxa7 Rxa7 $19) ({And not} 25. Rxa7+ Rxa7 26. Bxa7 Rc2+ 27. Kf1 Rxa2 $11) 25... Kc7 26. Rb5 Bd6 27. Rba5 {[%emt 0:00:09] Weighted Error Value: White=0.06 (flawless) /Black=0.30} 1-0

[Event "13th Asrian Memorial 2022"]
[Site "Yerevan"]
[Date "2022.06.14"]
[Round "8.1"]
[White "Sargsyan, Shant"]
[Black "Babujian Levon"]
[Result "1-0"]
[ECO "D37"]
[WhiteElo "2641"]
[BlackElo "2430"]
[Annotator "RC"]
[PlyCount "123"]
[EventDate "2022.06.07"]
[EventType "swiss"]
[EventCountry "ARM"]
[SourceTitle "playchess.com"]
[Source "ChessBase"]
[SourceQuality "1"]
[TimeControl "40/5400+30:1800+30"]

1. d4 Nf6 2. Nf3 d5 3. c4 e6 4. Nc3 Be7 5. Bf4 O-O 6. e3 Nbd7 7. c5 c6 8. h3 b6 9. b4 a5 10. a3 h6 11. Bd3 Ba6 12. O-O Qc8 13. Qc2 Qb7 14. Rfb1 axb4 15. axb4 Bxd3 16. Qxd3 Rxa1 17. Rxa1 Ra8 18. Qb1 g5 19. Bg3 Bd8 20. Nd2 Ne8 21. Nb3 Rxa1 22. Qxa1 bxc5 23. Nxc5 Nxc5 24. bxc5 Kf8 25. Qa4 h5 26. Qd1 h4 27. Bh2 Qb4 28. Na2 Qb2 29. Nc1 Qb1 30. Qf1 f6 31. Nd3 Qb3 32. f4 f5 33. fxg5 Bxg5 34. Bf4 Bxf4 35. Nxf4 Qxe3+ 36. Qf2 Qe4 37. Ng6+ Kg7 38. Nxh4 Nf6 39. Qg3+ Kf8 40. Qd6+ Kg8 41. Nf3 Qe3+ 42. Kh2 Nh5 43. h4 Qf4+ 44. Qxf4 Nxf4 45. Ne5 Ne2 46. Nxc6 Kf8 47. g3 f4 48. gxf4 Nxf4 49. Kg3 e5 50. Nxe5 Ne2+ 51. Kg4 Nxd4 52. c6 Nb5 53. Kf5 Kg7 54. Ke6 d4 55. Kd5 Kf6 56. Nf3 d3 57. Kc4 Na7 58. c7 Ke7 59. Kxd3 Kd7 60. h5 Nc8 61. h6 Nd6 62. Ne5+ 1-0

[Event "13th Asrian Memorial 2022"]
[Site "Yerevan"]
[Date "2022.06.14"]
[Round "8.2"]
[White "Hayrapetyan, Hovik"]
[Black "Ter-Sahakyan, Samvel"]
[Result "0-1"]
[ECO "E50"]
[WhiteElo "2484"]
[BlackElo "2640"]
[Annotator "RC"]
[PlyCount "60"]
[EventDate "2022.06.07"]
[EventType "swiss"]
[EventCountry "ARM"]
[SourceTitle "playchess.com"]
[Source "ChessBase"]
[SourceQuality "1"]
[TimeControl "40/5400+30:1800+30"]

1. d4 Nf6 2. c4 e6 3. Nc3 Bb4 4. Nf3 O-O 5. e3 d5 6. cxd5 exd5 7. Bd2 Re8 8. a3 Bd6 9. Bd3 c6 10. Qc2 Nbd7 11. O-O Qe7 12. b4 Ne4 13. Bc1 Nf8 14. Bb2 Ng6 15. Bxe4 dxe4 16. Nd2 Bf5 17. Nc4 Nh4 18. Ne2 Qg5 19. Ng3 Bc7 20. f4 exf3 21. Nxf5 Nxf5 22. Rxf3 Nxe3 23. Nxe3 Rxe3 24. Rf2 Rae8 25. Raf1 Qh4 26. g3 Bxg3 27. Rg2 Re1 28. Bc3 Rxf1+ 29. Kxf1 Qf4+ 30. Kg1 Be1 0-1

[Event "13th Asrian Memorial 2022"]
[Site "Yerevan"]
[Date "2022.06.14"]
[Round "8.3"]
[White "Andriasian, Zaven"]
[Black "Davtyan, Artur"]
[Result "0-1"]
[ECO "C54"]
[WhiteElo "2584"]
[BlackElo "2488"]
[Annotator "RC"]
[PlyCount "66"]
[EventDate "2022.06.07"]
[EventType "swiss"]
[EventCountry "ARM"]
[SourceTitle "playchess.com"]
[Source "ChessBase"]
[SourceQuality "1"]
[TimeControl "40/5400+30:1800+30"]

1. e4 e5 2. Nf3 Nc6 3. Bc4 Nf6 4. d3 Bc5 5. Nbd2 d6 6. c3 O-O 7. O-O a5 8. Bb3 Be6 9. Bc2 Ba7 10. h3 h6 11. Re1 Re8 12. Nf1 d5 13. exd5 Bxd5 14. Ng3 b5 15. Be3 Qb8 16. Nh4 Qb7 17. Ne4 Bxe4 18. dxe4 Rad8 19. Qf3 Bxe3 20. Rxe3 Rd2 21. Rc1 Ne7 22. Qg3 Qb6 23. Nf3 Rdd8 24. Nxe5 a4 25. Nf3 Nf5 26. exf5 Rxe3 27. Qh4 a3 28. Rb1 Re2 29. Bb3 axb2 30. Nd4 Re4 31. Qg3 c5 32. Nf3 c4 33. Bc2 Nh5 0-1